 Dungeon Crawl Stone Soup version 0.23.2-1-ga50397a (webtiles) character file.

Game seed: 2539166280846337453

1 MalarOregon the Sneak (level 1, 0/13 HPs)
             Began as a Merfolk Enchanter on May 26, 2019.
             Slain by a leopard gecko (3 damage)
             ... on level 1 of the Dungeon.
             The game lasted 00:00:59 (148 turns).

MalarOregon the Sneak (Merfolk Enchanter)            Turns: 148, Time: 00:00:59

Health: 0/13       AC:  2    Str:  8    XL:     1   Next: 20%
Magic:  1/3        EV: 13    Int: 14    God:
Gold:   7          SH:  0    Dex: 14    Spells: 3/4 levels left

rFire    . . .     SeeInvis .   a - +1 dagger
rCold    . . .     Gourm    .   (no shield)
rNeg     . . .     Faith    .   b - +0 robe
rPois    .         Spirit   .   (no helmet)
rElec    .         Reflect  .   (no cloak)
rCorr    .         Harm     .   (no gloves)
MR       .....                  (no boots)
Stlth    ++........             (no amulet)
HPRegen  0.04/turn              (no ring)
MPRegen  0.08/turn              (no ring)

@: no status effects
A: change form in water, swift swim, stealthy swim
a: no special abilities


You were on level 1 of the Dungeon.
You were not hungry.

You visited 1 branch of the dungeon, and saw 1 of its levels.

You collected 7 gold pieces.

Inventory:

Hand Weapons
 a - a +1 dagger (weapon)
Armour
 b - a +0 robe (worn)
Scrolls
 c - a scroll of fog {unknown}
Comestibles
 e - a ration {!d}


   Skills:
 + Level 1.2 Short Blades
 + Level 2.7 Dodging
 + Level 3.3 Stealth
 + Level 2.0 Spellcasting
 + Level 3.0 Hexes


You had 3 spell levels left.
You knew the following spells:

 Your Spells              Type           Power        Failure   Level  Hunger
a - Corona                Hex            #......      7%          1    ##.....

Your spell library contained the following spells:

 Spells                   Type           Power        Failure   Level  Hunger
 Ensorcelled Hibernation  Hex/Ice        #.....       19%         2    ###....
 Confuse                  Hex            #.......     21%         3    ####...
 Tukima's Dance           Hex            #.......     21%         3    ####...
 Dazzling Spray           Conj/Hex       #.....       36%         3    ####...


Dungeon Overview and Level Annotations

Branches:
Dungeon (1/15)

Altars:


Message History

You closely miss the rat. The rat barely misses you.
You hit the rat.
You kill the rat!
You start resting.
You start resting.
The leopard gecko is too close now for your liking.
A rat comes into view.
A rat comes into view.
The leopard gecko hisses angrily.
The leopard gecko barely misses you. The bat closely misses you.
Number of times to repeat, then command key: You must enter the number of times for the command to repeat.
The bat barely misses you. The bat closely misses you.
The leopard gecko barely misses you. The bat hits you but does no damage.
The bat completely misses you.
The leopard gecko hisses menacingly.
Aim: a leopard gecko (clinging, chance to defeat MR: 62%)
You miscast Corona.
You are very lightly contaminated with residual magic.
Your skin glows momentarily.
The leopard gecko barely misses you.
Aim: a leopard gecko (clinging, chance to defeat MR: 62%)
The leopard gecko struggles to resist.
The leopard gecko bites you.
Aim: a leopard gecko (clinging, chance to defeat MR: 62%)
The leopard gecko is outlined in light.
The leopard gecko closely misses you.
You hit the leopard gecko. The leopard gecko barely misses you.
You barely miss the leopard gecko. The leopard gecko bites you.
The rat bites you. The leopard gecko closely misses you.
You hit the leopard gecko but do no damage.
The leopard gecko bites you.
* * * LOW HITPOINT WARNING * * *
The rat closely misses you.
The leopard gecko stops glowing.
The rat barely misses you.
There is an open door here.
Your magical contamination has completely faded away.
You barely miss the rat. The rat bites you.
* * * LOW HITPOINT WARNING * * *
You barely miss the rat. The rat bites you.
* * * LOW HITPOINT WARNING * * *
You hit the rat.
You kill the rat!
Aim: a leopard gecko (moderately wounded, clinging, chance to defeat MR: 62%)
The leopard gecko struggles to resist.
The leopard gecko barely misses you.
The rat twitches its whiskers.
Aim: a leopard gecko (moderately wounded, clinging, chance to defeat MR: 62%)
The leopard gecko struggles to resist.
The leopard gecko closely misses you.
You barely miss the leopard gecko. The leopard gecko barely misses you.
You miss the leopard gecko. The leopard gecko misses you.
You closely miss the leopard gecko. The leopard gecko bites you.
You die...

#.#############
#+##.#.#...r.......#
.......#.####.####.#
.....#.#.#...l...#
.....#.#.#.#####r#
.....#.#r# #...#l#
.....#.#.# #...#@#
#+####.'.# #.<...#
#+####.#.# #...#.#
....##r#.# #...#.#
...r.#.#.# #####.#
.....r.#.# ..#
....##.#.# ###
....##.#..
#+####.###


You could see a leopard gecko and a rat.

Vanquished Creatures
  2 rats (D:1)
2 creatures vanquished.

Notes
Turn   | Place    | Note
-------+----------+-------------------------------------------
     0 | D:1      | MalarOregon the Merfolk Enchanter began the quest for the
                  | Orb.
     0 | D:1      | Reached XP level 1. HP: 13/13 MP: 3/3
   148 | D:1      | Slain by a leopard gecko

Action                   || total
-------------------------++-------
Melee: Dagger            ||    12
 Cast: Corona            ||     5
Armor: Robe              ||     2
Dodge: Dodged            ||    17
